 Dungeon Crawl Stone Soup version 0.30-b1-2-g02819fbbbe (webtiles) character file.

Game seed: 13965606043207189053

158 Fartwhistle the Changer (level 5, -1/49 HPs)
             Began as an Octopode Transmuter on May 26, 2023.
             Slain by a gnoll
             ... wielding a +0 club
              (5 damage)
             ... on level 3 of the Dungeon.
             The game lasted 00:04:17 (2422 turns).

Fartwhistle the Changer (Octopode Transmuter)       Turns: 2422, Time: 00:04:18

Health: -1/49      AC: 22    Str:  9    XL:     5   Next: 39%
Magic:  9/9        EV:  2    Int: 18    God:
Gold:   169        SH:  0    Dex: 12    Spells: 4/10 levels left

rFire   . .          .
                       - Unarmed
rCold   . . .        (no shield)
rNeg    . . .        (helmet currently unavailable)
rPois   +            (no amulet)
rElec   .            (no ring)
rCorr   .            (no ring)
SInv    .            (no ring)
Will    .....        (no ring)
Stlth   +            (no ring)
HPRegen 0.28/turn    (no ring)
MPRegen 0.11/turn    (no ring)
                     (no ring)

%: no passive effects
@: tree-form
A: stationary, stasis, torment immunity, boosted hp, almost no armour,
(amphibious), 8 rings, (camouflage 1), (gelatinous body 1), (nimble swimmer 1),
(tentacles)
a: no special abilities


You were on level 3 of the Dungeon.
You were a tree.
You visited 1 branch of the dungeon, and saw 4 of its levels.

You collected 169 gold pieces.

Inventory:

Jewellery
 k - a ring of poison resistance
Scrolls
 c - a scroll of enchant armour {unknown}
 d - a scroll of noise {unknown}
 e - a scroll of amnesia {unknown}
 f - a scroll of fear {unknown}
 g - a scroll of immolation {unknown}
 h - 3 scrolls of identify {unknown}
 i - a scroll of enchant weapon {unknown}
 l - a scroll of torment {unknown}
 n - a scroll of magic mapping {unknown}
 o - a scroll of teleportation {unknown}
Potions
 a - 2 potions of lignification
 b - 2 potions of heal wounds {unknown}
 j - 3 potions of attraction {unknown}
 m - a potion of haste {unknown}
 p - a potion of mutation {unknown}


   Skills:
 + Level 1.1 Fighting
 - Level 2.0 Dodging
 - Level 3.0 Unarmed Combat
 - Level 3.0 Spellcasting
 * Level 4.4 Transmutations
 + Level 1.5 Poison Magic


You had 4 spell levels left.
You knew the following spells:

 Your Spells              Type           Power      Damage    Failure   Level
a - Beastly Appendage     Tmut           36%        N/A       2%          1
b - Wereblood             Tmut           18%        N/A       4%          2
c - Spider Form           Tmut/Pois      13%        N/A       14%         3

Your spell library contained the following spells:

 Spells                   Type           Power      Damage    Failure   Level
 Ice Form                 Ice/Tmut       10%        N/A       54%         4


Dungeon Overview and Level Annotations

Branches:
Dungeon (4/15)
 Temple: D:4-7

Altars:


Innate Abilities, Weirdness & Mutations

You are a tree.
Your roots penetrate the ground, keeping you stationary.
You cannot be teleported.
You are immune to unholy pain and torment.
Your maximum health is greatly increased.
You cannot wear most types of armour.
((You are amphibious.))
You can wear up to eight rings at the same time.
((Your skin changes colour to match your surroundings (Stealth+).))
((Your rubbery body absorbs attacks. (AC +1, EV +1)))
((You are camouflaged when in or above water. (Stealth+)))
((You have tentacles for arms and can constrict up to eight enemies at once.))


Message History

You barely miss the ufetubus. Your grab misses the ufetubus.
You squeeze the ufetubus.
The ufetubus is severely wounded.
The ufetubus barely misses you. The ufetubus misses you. The ufetubus hits you.
The ufetubus barely misses you.
You tentacle-slap the ufetubus but do no damage.
Your grab misses the ufetubus. You squeeze the ufetubus.
You kill the ufetubus!
No target in view!
No target in view!
You climb downwards.
The gnoll hits you with a +0 club. The gnoll completely misses you.
There is a stone staircase leading up, spattered with blood here.
The gnoll hits you with a +0 club. x2
You climb upwards.
There is a stone staircase leading down, spattered with blood here.
The gnoll hits you with a +0 club! The gnoll closely misses you.
Things that are here:
a +0 spear; a gnoll corpse The gnoll barely misses you.
The gnoll attacks as you move away! The gnoll barely misses you.
The gnoll attacks as you move away! The gnoll closely misses you.
The gnoll attacks as you move away! The gnoll hits you with a +0 club.
* * * LOW HITPOINT WARNING * * *
The gnoll attacks as you move away! The gnoll hits you with a +0 club.
* * * LOW HITPOINT WARNING * * *
Really quaff the potion of lignification?
You turn into a tree.
Your roots penetrate the ground.
The gnoll hits you with a +0 club.
* * * LOW HITPOINT WARNING * * *
You completely miss the gnoll. The gnoll hits you but does no damage.
Unknown command.
You barely miss the gnoll. The gnoll hits you but does no damage.
You smack the gnoll!
The gnoll is heavily wounded.
The gnoll hits you but does no damage.
You hit the gnoll.
The gnoll is severely wounded.
The gnoll hits you with a +0 club.
You die...

#####
#>..###########
#).............
#.#.#####....).
#.#.# #...... #.#.#
#...... #####.#.#
#...... #.♣gg...###
#...... #.###.....#
#......
#######.#.......#
#......
#............#..#
#...[..
#.#####.#######.#
#...... #.#
#.......#.#########
#.#
#######.#....######
#.# #...##.......
#.# #.......#####


You could see 2 gnolls.

Vanquished Creatures
  A bullfrog (D:3)
  3 adders (D:2)
  A gnoll (D:3)
  An ufetubus (D:3)
  2 dart slugs
  3 ball pythons
  3 bats (D:2)
  6 endoplasms
  3 giant cockroaches
  5 goblins
  5 hobgoblins
  2 quokkas
  2 frilled lizards
  4 kobolds
  6 rats
47 creatures vanquished.

Notes
Turn   | Place    | Note
-------+----------+-------------------------------------------
     0 | D:1      | Fartwhistle the Octopode Transmuter began the quest for the
                  | Orb.
     0 | D:1      | Reached XP level 1. HP: 13/13 MP: 3/3
   296 | D:1      | Reached XP level 2. HP: 15/18 MP: 5/5
   543 | D:1      | Learned a level 2 spell: Wereblood
   577 | D:1      | Reached skill level 3 in Transmutations
   893 | D:2      | Reached XP level 3. HP: 21/23 MP: 4/6
  1256 | D:2      | Found a faded altar of an unknown god.
  1278 | D:2      | Reached XP level 4. HP: 28/28 MP: 8/8
  1310 | D:2      | Learned a level 3 spell: Spider Form
  2036 | D:3      | Noticed a bullfrog
  2047 | D:3      | Killed a bullfrog
  2048 | D:3      | Reached skill level 4 in Transmutations
  2048 | D:3      | Reached skill level 1 in Poison Magic
  2048 | D:3      | Reached XP level 5. HP: 16/33 MP: 6/9
  2422 | D:3      | Slain by a gnoll

Illustrated notes

Levels and vault maps discovered:
D:1:      matt_arrival_spirals, layout_loops_ring
D:2:      layout_rooms, nicolae_ecumenical_lake_church
D:3:      layout_basic
D:4:      minmay_spotlight, layout_loops_corners,
          nicolae_hepliaklqana_hippocampus

Skill      XL: |  1  2  3  4 |
---------------+-------------+-----
Transmutations | 3 4 |  4.4
Spellcasting   | 3 |  3.0
Poison Magic   | 1 |  1.5
Fighting       | |  1.1
Dodging        | |  2.0
Unarmed Combat | |  3.0

Action                     |  1- 3 |  4- 6 || total
---------------------------+-------+-------++-------
  Melee: Unarmed           |    70 |    38 ||   108
         Constrict         |    20 |     7 ||    27
         Tentacles         |    14 |     6 ||    20
         Punch             |     7 |     1 ||     8
         Kick              |    12 |     3 ||    15
   Cast: Beastly Appendage |    12 |     3 ||    15
         Wereblood         |     2 |       ||     2
         Spider Form       |       |     2 ||     2
    Use: Potion            |       |     1 ||     1
   Stab: Sleeping          |     9 |     2 ||    11
 Armour: Skin              |     1 |     4 ||     5
  Dodge: Dodged            |    40 |    45 ||    85
